 Dungeon Crawl Stone Soup version 0.30.1-10-g1249ef9ec4 (webtiles) character file.

Game seed: 11868947835274422036

229052 Wiggles the Executioner (level 18, -2/183 HPs)
             Began as a Minotaur Berserker on Oct 25, 2023.
             Was a High Priest of Trog.
             Slain by Aizul (6 damage)
             ... on level 4 of the Shoals on Oct 26, 2023.
             The game lasted 00:58:15 (25563 turns).

Wiggles the Executioner (Minotaur Berserker)       Turns: 25563, Time: 00:58:16

Health: -2/183     AC: 47    Str: 32    XL:     18   Next: 29%
Magic:  27/27      EV:  9    Int: 12    God:    Trog [*****.]
Gold:   584        SH:  0    Dex: 10    Spells: 17/17 levels left

rFire   + . .        J - +3 battleaxe of the Purple Skies {heavy, *Noise rElec rN+++ SInv}
rCold   . . .        (shield currently unavailable)
rNeg    + + +        Q - +8 orange crystal plate armour {Archmagi, Int+3 Clar}
rPois   .            F - +3 hat of Pondering {ponderous, Will+ MP+10 Int+5}
rElec   +            C - +2 cloak
rCorr   .            S - +2 pair of gloves
SInv    +            w - +0 pair of boots of Goirot {rF+ Regen+ SInv Stlth+}
Will    ++...        R - amulet of regeneration Stlth
                     a - ring "Xiapek" {Fly rN+ Str+2 Stlth-}
HPRegen 2.10/turn    T - +4 ring of slaying
MPRegen 0.20/turn

%: clarity, archmagi
@: lethally poisoned (-2 -> -4), flying, studying Throwing, slow
A: horns 2, retaliatory headbutt, noise suppression
}: 2/15 runes: serpentine, barnacled
a: Renounce Religion, Berserk, Trog's Hand, Brothers in Arms


You were on level 4 of the Shoals.
You worshipped Trog.
Trog was extremely pleased with you.
You visited 5 branches of the dungeon, and saw 30 of its levels.
You also visited: Bailey.

You collected 3121 gold pieces.
You spent 2537 gold pieces at shops.

Inventory:

Hand Weapons
 J - the +3 battleaxe of the Purple Skies (weapon) {heavy, *Noise rElec rN+++ SInv}
   (Trog gifted it to you on level 3 of the Lair of Beasts)

   rElec:     It insulates you from electricity.
   rN:        It renders you almost immune to negative energy.
   SInv:      It lets you see invisible.
   *Noise:    It may make noises in combat.
 K - a +1 executioner's axe of freezing
 W - the +4 consecrated labrys {holy, Valiant Fragile Fly SInv}
   (Trog gifted it to you on level 2 of the Snake Pit)

   Valiant:   It becomes more powerful as more dangerous foes come into view.
   SInv:      It lets you see invisible.
   Fly:       It grants you flight.
   Fragile:   It will be destroyed if unequipped.
Armour
 w - the +0 pair of boots of Goirot (worn) {rF+ Regen+ SInv Stlth+}
   (You found it on level 4 of the Dungeon)

   rF:        It protects you from fire.
   SInv:      It lets you see invisible.
   Regen:     It increases your rate of health regeneration.
   Stlth:     It makes you more stealthy.
 C - a +2 cloak (worn)
 F - the +3 hat of Pondering (worn) {ponderous, Will+ MP+10 Int+5}
   (You took it off Gastronok on level 1 of the Lair of Beasts)

   Int:       It affects your intelligence (+5).
   MP:        It affects your magic capacity (+10).
   Will:      It increases your willpower.
 Q - the +8 orange crystal plate armour (worn) {Archmagi, Int+3 Clar}
   (You acquired it on level 14 of the Dungeon)

   Int:       It affects your intelligence (+3).
   Clar:      It protects you from confusion, rage, mesmerisation and fear.
 S - a +2 pair of gloves (worn)
Jewellery
 a - the ring "Xiapek" (left hand) {Fly rN+ Str+2 Stlth-}
   (You acquired it on level 7 of the Dungeon)

   [ring of flight]

   Str:       It affects your strength (+2).
   rN:        It protects you from negative energy.
   Fly:       It grants you flight.
   Stlth:     It makes you less stealthy.
 k - a +4 ring of protection
 l - a ring of poison resistance
 m - a ring of the Octopus King {rN+ HP+2 AC+2 EV+2 SH+2}
   (You found it on level 4 of the Shoals)

   [ring of positive energy]

   AC:        It affects your AC (+2).
   EV:        It affects your evasion (+2).
   rN:        It protects you from negative energy.
   HP:        It affects your health (+2).
   SH:        It affects your SH (+2).
 q - the ring "Iryogaeheud" {rF+ rN+ Str+4}
   (You found it on level 5 of the Lair of Beasts)

   [ring of positive energy]

   Str:       It affects your strength (+4).
   rF:        It protects you from fire.
   rN:        It protects you from negative energy.
 A - a ring of protection from fire
 B - a ring of willpower
 R - an amulet of regeneration (around neck)
 T - a +4 ring of slaying (right hand)
 Y - an amulet of reflection
Wands
 d - a wand of digging (9)
 e - a wand of acid (29)
 g - a wand of roots (21)
 G - a wand of flame (13)
 M - a wand of polymorph (9)
 U - a wand of mindburst (7)
 X - a wand of charming (4)
Scrolls
 c - 12 scrolls of teleportation
 h - 6 scrolls of fog
 o - 2 scrolls of silence
 s - 6 scrolls of butterflies
 u - 16 scrolls of identify
 D - a scroll of enchant armour
 E - 3 scrolls of fear
 V - 3 scrolls of blinking
Potions
 b - 4 potions of berserk rage
 f - 8 potions of curing
 j - 4 potions of magic
 n - 5 potions of resistance
 p - 5 potions of invisibility
 t - 9 potions of haste
 v - 4 potions of cancellation
 x - 4 potions of might
 z - 4 potions of ambrosia
 H - 5 potions of lignification
 P - 2 potions of flight
Miscellaneous
 i - a lightning rod (4/4)
 y - a condenser vane
 L - a box of beasts
 N - a piece from Xom's chessboard (15/15)


   Skills:
 + Level 21.7 Fighting
 + Level 25.1 Axes
 + Level 20.3 Armour
 + Level 5.4 Dodging
 + Level 3.0 Stealth
 + Level 5.3 Shields
 + Level 0.4 Evocations


You had 17 spell levels left.
You didn't know any spells.
Your spell library was empty.

Dungeon Overview and Level Annotations

Branches:
Dungeon (15/15)            Temple (0/1) D:6            Lair (5/5) D:11
 Shoals (4/4) Lair:3        Snake (4/4) Lair:2        Slime (0/5) Lair:5
    Orc (2/2) D:12            Elf (0/3) Orc:2        Vaults (0/5) D:14
 Depths (0/4) D:15         Bailey (visited)

Altars:
Ashenzari
Cheibriados
Elyvilon
Fedhas
Hepliaklqana
Kikubaaqudgha
Makhleb
Nemelex Xobeh
Qazlal
Sif Muna
Trog
Vehumet
Zin
Jiyva

Shops:
D:2 :   D:5 [   D:7 *   D:9 *[[[   D:11 (*   Orc:2 ?=*(*   Shoals:1 **([
Shoals:3 **   Snake:1 !!?

Annotations:
D:5 2 runed translucent doors
Lair:5 3 runed translucent doors, Woods's ghost, journeyman FeCj
Shoals:4 Aizul
Snake:1 2 transporters, exclusion: obsidian statue


Innate Abilities, Weirdness & Mutations

You have a pair of horns on your head.
You reflexively headbutt those who attack you in melee.
You passively dampen the noise of your surroundings.


Message History

Aizul is heavily wounded.
You hit the merfolk but do no damage. You slice the merfolk!!
You feel extremely sick.
The merfolk impaler hits you from afar with a +0 trident!
The merfolk hits you but does no damage.
The merfolk hits you with a +0 glaive!
* * * LOW HITPOINT WARNING * * *
Aizul hits you but does no damage.
The merfolk impaler hits you but does no damage.
The merfolk barely misses you.
You feel better. Aizul hits you!
* * * LOW HITPOINT WARNING * * *
The merfolk hits you but does no damage.
The merfolk barely misses you. The merfolk impaler barely misses you.
Aizul hits you but does no damage.
The merfolk hits you but does no damage.
The merfolk impaler hits you from afar with a +0 trident.
* * * LOW HITPOINT WARNING * * *
You slice Aizul like a ripe choko!!!
Aizul is almost dead.
You chop the merfolk into pieces!!!
You kill the merfolk!
Trog accepts your kill.
You slash the merfolk!
You kill the merfolk!
Trog accepts your kill.
The merfolk hits you but does no damage.
Aizul hits you but does no damage. The merfolk impaler barely misses you.
You closely miss Aizul. You headbutt Aizul!
Aizul is almost dead.
Aizul casts a spell at you. The bolt of poison hits you!!!
You are poisoned.
* * * LOW HITPOINT WARNING * * *
The merfolk hits you from afar with a +0 trident.
* * * LOW HITPOINT WARNING * * *
The merfolk impaler closely misses you.
The merfolk impaler hits you but does no damage.
Aizul hits you.
You die...

~~ ≈≈≈≈≈≈≈ ~~~.... .~
≈≈≈≈≈≈~ ~~~~≈~. .~
≈≈≈≈≈~~ ~~~~~~. ##.~
≈≈≈≈~~~ ....~~. ..###.~~
≈≈≈~~~. ..... .~..~~≈≈
≈≈≈~~~. ...# ~~ ~~~.~≈≈≈
≈≈≈~~..#..###..~~~~~~≈≈≈
≈≈≈~~~S@)~....~≈~.~≈≈≈≈≈
≈≈≈≈~~..).....~≈~~~≈≈≈≈≈
≈≈≈≈~~mm......~~..≈≈≈≈≈≈
≈≈≈≈~~~~~~~~.~~..~≈≈≈≈≈≈
≈≈≈~~~~~~~~~~.....~~~~~†
≈≈≈~~~~~~~~........~~~~)
≈≈≈~~~~~.............~~~
≈P~~~~(.........)......~
PP.~~~..................


You could see Aizul, a merfolk impaler and a merfolk.

Vanquished Creatures
  Mara (Shoals:4)
  Bai Suzhen (Snake:4)
  Nikola (Snake:1)
  Mlioglotl (Snake:2)
  2 krakens (Shoals:2)
  Roxanne (Snake:1)
  Gastronok (Lair:1)
  4 nagarajas
  2 orc warlords (Orc:2)
  A stone giant (D:15)
  Nessos (D:13)
  Azrael (Snake:1)
  The ghost of sunglassesatnite the Severer, a journeyman MiBe of Trog (Orc:2)
  Snorg (D:11)
  6 dire elephants (Lair:5)
  6 merfolk impalers
  Josephine (Snake:1)
  4 merfolk javelineers
  Fannar (D:10)
  8 vault guards (D:14)
  5 hydras
  Harold (Lair:1)
  4 salamander tyrants
  2 boulder beetles
  2 merfolk avatars
  2 centaur warriors
  9 naga warriors
  8 anacondas
  3 satyrs
  2 alligator snapping turtles
  Erica (D:9)
  6 death yaks
  8 two-headed ogres
  3 merfolk aquamancers
  2 tengu warriors
  5 naga sharpshooters
  An orc high priest (Orc:2)
  5 shock serpents
  A hell knight (D:15)
  6 salamander mystics (Snake:4)
  Amaemon (Lair:2)
  A fire crab (D:11)
  4 sea snakes
  6 skeletal warriors (D:14)
  A skyshark (Shoals:1)
  3 spectral death yaks (Lair:5)
  A spectral anaconda (Lair:5)
  Lodul (D:13)
  3 deep trolls
  6 naga ritualists
  An obsidian statue (Lair:5)
  8 harpies
  11 orc knights
  4 necromancers (Lair:5)
  8 mana vipers
  5 orc sorcerers
  A wolf spider (D:15)
  9 fauns
  26 elephants
  An oklob plant (Lair:4)
  21 salamanders
  3 cyclopes
  11 ugly things
  13 manticores
  A moth of wrath (Orc:2)
  Maurice (D:11)
  19 black mambas
  An ice statue (D:10)
  11 merfolk sirens
  An orange demon (Lair:2)
  8 naga magi
  Joseph (Lair:1)
  A torpor snail (Lair:4)
  A gargoyle (D:14)
  9 water nymphs
  2 guardian serpents (Snake:4)
  10 cane toads
  Maggie (D:7)
  2 kobold demonologists
  Psyche (D:10)
  2 dire elephant skeletons (Lair:5)
  7 rime drakes
  An efreet (D:15)
  7 komodo dragons
  A yaktaur (D:15)
  A freezing wraith (D:11)
  2 tengu conjurers (D:15)
  8 trolls
  3 meliai (D:14)
  2 polar bears
  32 merfolk
  5 wind drakes
  3 spectral elephants (Lair:5)
  21 blink frogs
  8 saltlings (Orc:2)
  9 snapping turtles
  2 dream sheep (Lair:4)
  12 slime creatures
  7 water elementals
  5 wraiths
  2 vampires (D:11)
  Eustachio (D:4)
  7 wyverns
  28 yaks
  A fire elemental (Snake:1)
  A shadow (D:11)
  5 basilisks
  4 steam dragons
  16 vampire mosquitoes
  Menkaure (D:7)
  An acid dragon (D:10)
  3 spectral cane toads (Lair:5)
  23 nagas
  6 wargs
  2 hell hounds (Snake:1)
  10 water moccasins
  A sky beast (D:7)
  22 orc warriors
  An ice beast (D:6)
  2 black bears
  3 elephant zombies (Lair:5)
  13 ogres
  8 wolves
  2 centaurs
  An elephant skeleton (Lair:5)
  A phantom (D:5)
  2 kobold brigands
  18 bullfrogs
  3 cane toad simulacra (Lair:5)
  3 gnoll sergeants
  2 scorpions
  19 wights
  An elephant simulacrum (Lair:5)
  8 killer bees
  5 electric eels (Lair:3)
  5 howler monkeys
  7 hounds (D:5)
  A jelly (D:7)
  10 orc priests
  2 sleepcaps
  2 gnoll boudas (D:5)
  3 iguanas
  17 orc wizards
  10 hell rats
  24 gnolls
  5 adders
  A shadow imp (D:7)
  A white imp (D:5)
  An ufetubus (D:5)
  78 orcs
  7 endoplasms
  2 giant cockroaches
  8 hobgoblins
  9 jackals
  12 kobolds
  6 quokkas
  9 ball pythons
  5 bats
  2 frilled lizards
  13 goblins
  4 rats
  3 tentacles (Shoals:2)
951 creatures vanquished.

Vanquished Creatures (collateral kills)
  Ilsuiw (Shoals:4)
  A merfolk javelineer (Shoals:4)
  A salamander tyrant (Snake:4)
  An anaconda (Snake:4)
  An orc high priest (Orc:2)
  A naga warrior (Snake:4)
  A naga sharpshooter (Snake:4)
  2 naga ritualists (Snake:4)
  An orc sorcerer (Orc:2)
  A salamander (Snake:4)
  A guardian serpent (Snake:4)
  A merfolk siren (Shoals:4)
  A snapping turtle (Shoals:4)
  A warg (Orc:2)
  3 nagas (Snake:4)
  2 orc priests (Orc:2)
20 creatures vanquished.

Vanquished Creatures (others)
  A naga (Snake:1)
  2 hell hounds (Snake:1)
  A bullfrog (D:8)
  An orc priest (Orc:2)
  9 tentacles (Shoals:2)
14 creatures vanquished.

Grand Total: 985 creatures vanquished

Notes
Turn   | Place    | Note
-------+----------+-------------------------------------------
     0 | D:1      | Wiggles the Minotaur Berserker began the quest for the Orb.
     0 | D:1      | Reached XP level 1. HP: 19/19 MP: 0/0
   133 | D:1      | Reached skill level 4 in Axes
   162 | D:1      | Reached XP level 2. HP: 27/27 MP: 1/1
   833 | D:2      | Reached XP level 3. HP: 26/33 MP: 2/2
   858 | D:2      | Found Bank's Book Emporium.
   936 | D:2      | Reached ** piety under Trog
  1548 | D:3      | Reached XP level 4. HP: 37/41 MP: 3/3
  1939 | D:3      | Reached skill level 5 in Axes
  2049 | D:4      | Noticed Eustachio
  2060 | D:4      | Killed Eustachio
  2061 | D:4      | Reached skill level 5 in Fighting
  2061 | D:4      | Reached skill level 6 in Axes
  2061 | D:4      | Reached XP level 5. HP: 48/48 MP: 4/4
  2066 | D:4      | Identified the +0 pair of boots of Goirot {rF+ Regen+ SInv
                  | Stlth+}
  2147 | D:4      | Noticed an ogre
  2154 | D:4      | Killed an ogre
  2155 | D:4      | Reached XP level 6. HP: 15/56 MP: 5/5
  2391 | D:4      | Reached *** piety under Trog
  2580 | D:5      | Entered Level 5 of the Dungeon
  2626 | D:5      | Reached XP level 7. HP: 62/62 MP: 6/6
  2633 | D:5      | Reached skill level 7 in Axes
  2703 | D:5      | Reached skill level 5 in Armour
  2731 | D:5      | HP: 3/63 [gnoll/+0 halberd (9)]
  2890 | D:5      | Reached skill level 1 in Stealth
  2898 | D:5      | Reached skill level 8 in Axes
  2898 | D:5      | Reached XP level 8. HP: 69/71 MP: 7/7
  2969 | D:5      | Found Xiadiuhu's Armour Shoppe.
  3188 | D:5      | Found a large runed translucent door.
  3188 | D:5      | Found a large runed translucent door.
  3190 | D:5      | Noticed a kobold demonologist
  3207 | D:5      | Found a large runed translucent door.
  3207 | D:5      | Found a large runed translucent door.
  3211 | D:5      | Killed a kobold demonologist
  3212 | D:5      | Reached skill level 1 in Shields
  3225 | D:5      | Identified the +7 rapier of Soifigal {protect, *Corrode
                  | rPois rF+ Will+}
  3250 | D:5      | Reached skill level 9 in Axes
  3271 | D:5      | Reached **** piety under Trog
  3370 | D:5      | Noticed a troll
  3378 | D:5      | Killed a troll
  3379 | D:5      | Reached XP level 9. HP: 79/79 MP: 8/8
  3532 | D:6      | Found a stormy altar of Qazlal.
  3540 | D:6      | Found a sparkling altar of Nemelex Xobeh.
  3648 | D:6      | Found a glowing silver altar of Zin.
  3673 | D:6      | Found a white marble altar of Elyvilon.
  4153 | D:6      | Found a staircase to the Ecumenical Temple.
  4170 | D:6      | Reached skill level 10 in Axes
  4434 | D:7      | Found a burning altar of Makhleb.
  4434 | D:7      | Noticed Maggie
  4466 | D:7      | Killed Maggie
  4467 | D:7      | Reached skill level 5 in Shields
  4581 | D:7      | Reached skill level 11 in Axes
  4584 | D:7      | Reached XP level 10. HP: 80/90 MP: 9/9
  4632 | D:7      | Found a shimmering blue altar of Sif Muna.
  4636 | D:7      | Found a broken altar of Ashenzari.
  4657 | D:7      | Noticed Menkaure
  4663 | D:7      | Killed Menkaure
  4713 | D:7      | Found Latesmov's Neck Hole.
  4721 | D:7      | Bought a +2 cloak for 231 gold pieces
  4942 | D:7      | Identified a scroll of acquirement
  4942 | D:7      | Acquired the ring "Xiapek" {Fly rN+ Str+2 Stlth-}
  5005 | D:8      | Reached skill level 12 in Axes
  5047 | D:8      | Reached ***** piety under Trog
  5631 | D:9      | Found Coriel Sure's Antique Armour Boutique.
  5795 | D:9      | Found Botathroots's Armour Emporium.
  5844 | D:9      | Found Oroacuy's Armour Boutique.
  5873 | D:9      | Noticed Erica
  5893 | D:9      | Killed Erica
  5894 | D:9      | Reached skill level 13 in Axes
  5921 | D:9      | Noticed a two-headed ogre
  5926 | D:9      | Killed a two-headed ogre
  5985 | D:9      | Reached skill level 10 in Fighting
  5997 | D:9      | Found an ancient bone altar of Kikubaaqudgha.
  5999 | D:9      | Found a blossoming altar of Fedhas.
  6182 | D:9      | Found Geuhogos's Assorted Antiques.
  6186 | D:9      | Bought a jewelled glass wand for 120 gold pieces
  6186 | D:9      | Bought a blackened gold wand for 120 gold pieces
  6220 | D:10     | Entered Level 10 of the Dungeon
  6265 | D:10     | Noticed Psyche
  6269 | D:10     | Killed Psyche
  6270 | D:10     | Reached XP level 11. HP: 81/99 MP: 10/10
  6284 | D:10     | Reached skill level 10 in Armour
  6332 | D:10     | Noticed Fannar
  6343 | D:10     | Killed Fannar
  6352 | D:10     | Found a flagged portal.
  6355 | D:10     | Received a gift from Trog
  6360 | D:10     | Reached skill level 14 in Axes
  6373 | Bailey   | Entered a bailey
  6488 | Bailey   | Noticed an orc knight
  6528 | Bailey   | Killed an orc knight
  6592 | Bailey   | Noticed an orc knight
  6606 | Bailey   | Killed an orc knight
  6807 | D:10     | Received a gift from Trog
  6853 | D:10     | Found a snail-covered altar of Cheibriados.
  7093 | D:10     | Found a hazy altar of Hepliaklqana.
  7394 | D:11     | Reached skill level 15 in Axes
  7396 | D:11     | Noticed a boulder beetle
  7401 | D:11     | Found Fenoyf's Assorted Antiques.
  7480 | D:11     | Killed a boulder beetle
  7498 | D:11     | Identified the +6 halberd of the Desolation of Salt
                  | {freeze, rPois Will- rCorr}
  7526 | D:11     | Noticed a two-headed ogre
  7536 | D:11     | Killed a two-headed ogre
  7578 | D:11     | Noticed Snorg
  7605 | D:11     | Found a staircase to the Lair.
  7607 | D:11     | Noticed a fire crab
  7618 | D:11     | Killed a fire crab
  7632 | D:11     | Noticed Maurice
  7647 | D:11     | Killed Maurice
  7649 | D:11     | Reached skill level 16 in Axes
  7908 | D:11     | Killed Snorg
  7909 | D:11     | Reached XP level 12. HP: 75/110 MP: 11/11
  7962 | D:11     | Found Jepud's Weapon Emporium.
  7988 | D:11     | Noticed a two-headed ogre
  7993 | D:11     | Killed a two-headed ogre
  8047 | Lair:1   | Entered Level 1 of the Lair of Beasts
  8049 | Lair:1   | Noticed Gastronok
  8055 | Lair:1   | Killed Gastronok
  8187 | Lair:1   | Reached skill level 17 in Axes
  8227 | Lair:1   | Noticed a four-headed hydra
  8238 | Lair:1   | Killed a nine-headed hydra
  8442 | Lair:1   | Reached skill level 18 in Axes
  8460 | Lair:1   | Noticed Harold
  8469 | Lair:1   | Killed Harold
  8716 | Lair:1   | Noticed Joseph
  8730 | Lair:1   | Killed Joseph
  9211 | Lair:2   | Found a staircase to the Snake Pit.
  9215 | Lair:2   | Reached XP level 13. HP: 117/119 MP: 12/12
  9450 | Lair:2   | Noticed Amaemon
  9458 | Lair:2   | Killed Amaemon
 10101 | Lair:3   | Reached skill level 19 in Axes
 10319 | Lair:3   | Identified the +3 battleaxe of the Purple Skies {heavy,
                  | *Noise rElec rN+++ SInv} (Trog gifted it to you on level 3
                  | of the Lair of Beasts)
 10319 | Lair:3   | Received a gift from Trog
 10389 | Lair:3   | Found a staircase to the Shoals.
 10896 | Lair:4   | Reached skill level 20 in Axes
 11486 | Lair:5   | Entered Level 5 of the Lair of Beasts
 11511 | Lair:4   | Reached XP level 14. HP: 19/133 MP: 13/13
 11610 | Lair:5   | Received a gift from Trog
 11611 | Lair:5   | Reached skill level 5 in Dodging
 11673 | Lair:5   | Found a runed translucent gate.
 11673 | Lair:5   | Found a runed translucent gate.
 11675 | Lair:5   | Found a runed translucent gate.
 11677 | Lair:5   | Noticed an azure jelly
 11679 | Lair:5   | Noticed an azure jelly
 11684 | Lair:5   | Noticed Woods's ghost (journeyman FeCj)
 11684 | Lair:5   | Noticed a rockslime
 11684 | Lair:5   | Noticed an azure jelly
 11685 | Lair:5   | Noticed an acid blob
 11685 | Lair:5   | Noticed an azure jelly
 11685 | Lair:5   | Noticed an azure jelly
 11685 | Lair:5   | Noticed an acid blob
 11694 | Lair:5   | Found a viscous altar of Jiyva.
 11717 | Lair:5   | Found a viscous altar of Jiyva.
 11717 | Lair:5   | Found a staircase to the Slime Pits.
 12205 | Lair:5   | Gained mutation: You passively dampen the noise of your
                  | surroundings. [a neqoxec]
 12226 | Lair:5   | Identified the ring "Iryogaeheud" {rF+ rN+ Str+4}
 12285 | Lair:5   | Reached skill level 15 in Fighting
 12395 | Lair:5   | Reached skill level 21 in Axes
 12524 | Lair:5   | Reached ****** piety under Trog
 13085 | D:12     | Received a gift from Trog
 13163 | D:12     | Found a staircase to the Orcish Mines.
 13656 | D:13     | Noticed Lodul
 13663 | D:13     | Killed Lodul
 14013 | D:13     | Noticed Nessos
 14024 | D:13     | Killed Nessos
 14322 | D:14     | Found a gate to the Vaults.
 14332 | D:14     | Reached XP level 15. HP: 136/145 MP: 14/14
 14337 | D:14     | Reached skill level 15 in Armour
 14521 | D:14     | Acquired the +8 orange crystal plate armour {Archmagi,
                  | Int+3 Clar}
 14521 | D:14     | Found the +8 orange crystal plate armour {Archmagi, Int+3
                  | Clar}
 14629 | D:14     | Identified the staff of earth "Qiev Rim" {rPois}
 14740 | D:14     | Reached skill level 22 in Axes
 14992 | D:14     | Received a gift from Trog
 15253 | D:15     | Entered Level 15 of the Dungeon
 15337 | D:15     | Found a staircase to the Depths.
 16177 | Orc:1    | Entered Level 1 of the Orcish Mines
 16320 | Orc:2    | Entered Level 2 of the Orcish Mines
 16353 | Orc:2    | Found a transporter.
 16363 | Orc:2    | Found a transporter.
 16370 | Orc:2    | Found a bloodstained altar of Trog.
 16420 | Orc:2    | Received a gift from Trog
 16510 | Orc:2    | Noticed sunglassesatnite's ghost (journeyman MiBe)
 16621 | Orc:2    | Found a staircase to the Elven Halls.
 16818 | Orc:2    | Found Peapsoqi's Magic Scroll Shop.
 16890 | Orc:2    | Bought a scroll of brand weapon for 161 gold pieces
 16997 | Orc:2    | Found Axump's Jewellery Emporium.
 17003 | Orc:2    | Bought an amulet of regeneration for 480 gold pieces
 17008 | Orc:2    | Bought a +4 ring of slaying for 1248 gold pieces
 17024 | Orc:2    | Found Vomehost's Antique Weapon Shop.
 17044 | Orc:2    | Found Tusiyng's General Store.
 17182 | Orc:2    | Found Paumias's Assorted Antiques.
 17432 | Orc:2    | Reached XP level 16. HP: 157/157 MP: 15/15
 17442 | Orc:2    | Killed sunglassesatnite's ghost
 17591 | Lair:2   | Upgraded the game from 0.30.1-9-gdf580d7c3d to
                  | 0.30.1-10-g1249ef9ec4
 17793 | Snake:1  | Entered Level 1 of the Snake Pit
 17841 | Snake:1  | Noticed Roxanne
 17854 | Snake:1  | Killed Roxanne
 17855 | Snake:1  | Reached skill level 23 in Axes
 17955 | Snake:1  | Found Xeozear's Magic Scroll Shoppe.
 17972 | Snake:1  | Found Qawkow's Distillery.
 17974 | Snake:1  | Found Jath's Distillery.
 17980 | Snake:1  | Bought a scroll of enchant armour for 127 gold pieces
 17984 | Snake:1  | Bought a potion of heal wounds for 50 gold pieces
 17995 | Snake:1  | Noticed Josephine
 18001 | Snake:1  | Killed Josephine
 18240 | Snake:1  | Noticed Azrael
 18240 | Snake:1  | Noticed Nikola
 18249 | Snake:1  | Killed Azrael
 18269 | Snake:1  | Killed Nikola
 18298 | Snake:1  | Identified the ring "Siejeorr" {Contam rC+ rCorr Str+4}
 18301 | Snake:1  | Found a transporter.
 18458 | Snake:1  | Found a transporter.
 18590 | Snake:1  | Identified the +9 quarterstaff "Beastslayer" {drain, rPois
                  | Will+ Str+4 Stlth-}
 18970 | Snake:2  | Received a gift from Trog
 18970 | Snake:2  | Found the +4 consecrated labrys {holy, Valiant Fragile Fly
                  | SInv}
 19196 | Snake:2  | Noticed Mlioglotl
 19210 | Snake:2  | Noticed a tentacled starspawn
 19211 | Snake:2  | Killed Mlioglotl
 20002 | Snake:3  | Found a radiant altar of Vehumet.
 21012 | Snake:4  | Entered Level 4 of the Snake Pit
 21294 | Snake:4  | Noticed Bai Suzhen
 21315 | Snake:4  | Killed Bai Suzhen
 21339 | Snake:4  | Reached XP level 17. HP: 144/169 MP: 16/16
 21416 | Snake:4  | Received a gift from Trog
 21626 | Snake:4  | Reached skill level 24 in Axes
 21769 | Snake:4  | Got a serpentine rune of Zot
 22263 | Shoals:1 | Entered Level 1 of the Shoals
 22294 | Shoals:1 | Identified the +4 falchion of Xejixawk {venom, Int+3}
 22459 | Shoals:1 | Found Lootoeta's Merfolk Weapons.
 22558 | Shoals:1 | Received a gift from Trog
 22589 | Shoals:1 | You are sucked into a shaft and drop 1 floor!
 23460 | Shoals:2 | Noticed a kraken
 23469 | Shoals:2 | Killed a kraken
 23959 | Shoals:2 | Noticed a kraken
 23965 | Shoals:2 | Killed a kraken
 24054 | Shoals:3 | Found Qerghor's Specific Store.
 24057 | Shoals:3 | Found Zatsoin's General Store.
 24475 | Shoals:3 | Received a gift from Trog
 24802 | Shoals:4 | Entered Level 4 of the Shoals
 24897 | Shoals:4 | Found the ring of the Octopus King
 24903 | Shoals:4 | Identified a ring of the Octopus King {rN+ HP+2 AC+2 EV+2
                  | SH+2}
 24998 | Shoals:4 | Reached XP level 18. HP: 179/182 MP: 17/17
 25079 | Shoals:4 | Noticed Ilsuiw
 25098 | Shoals:4 | Killed Ilsuiw
 25117 | Shoals:4 | Noticed Mara
 25121 | Shoals:4 | Noticed Wiggles's illusion
 25147 | Shoals:4 | Killed Mara
 25294 | Shoals:4 | Reached skill level 25 in Axes
 25333 | Shoals:4 | Got a barnacled rune of Zot
 25553 | Shoals:4 | Noticed Aizul
 25563 | Shoals:4 | HP: 7/183 [Aizul/bolt of poison (38)]
 25563 | Shoals:4 | Slain by Aizul

Illustrated notes

Levels and vault maps discovered:
D:1:      amcnicky_arrival_choice, layout_loops_ring
D:2:      layout_loops_ring, serial_shops, nicolae_shop_tiny_real_fake_doors,
          dk_vineyard_3, minmay_increasing_density
D:3:      layout_loops_ring
D:4:      layout_rooms, kennysheep_flooded_box, kennysheep_big_empty_room,
          uniq_eustachio
D:5:      layout_cave_pools, serial_gnoll_camp, gnoll_camp_mini_doghouse,
          gnoll_camp_huts_basic, gnoll_camp_mini_hut, gnoll_camp_mini_shop,
          gnoll_camp_mini_basic, minmay_hollow_rounded_squares
D:6:      layout_loops_ring, chequers_temple_overflow_statue_of_worship,
          general_overflow_altar, elyvilon_altar_4,
          minmay_temple_entry_nine_rooms, chequers_serial_rivers_micro_d,
          minmay_misc_feat_more_columns
D:7:      layout_rooms, jmf_multi_god_temple, nicolae_overflow_hidden_temple,
          glass_columns_a, nicolae_shop_sticking_my_neck_out, uniq_menkaure,
          uniq_maggie
D:8:      layout_basic, minmay_crystal_room, kennysheep_potato
D:9:      layout_rooms, grunt_temple_overflow_growth_and_decay, serial_shops,
          nicolae_shop_back_alley_shop, nicolae_shop_pleasant_corner_grove,
          nicolae_shop_real_fake_doors, shop, uniq_erica
D:10:     layout_irregular_city, kennysheep_mini,
          nicolae_hepliaklqana_hippocampus, enter_bailey_3, serial_bayou_pond_d,
          minivault_16, hangedman_decor_slide_cut, kennysheep_nub, uniq_psyche,
          uniq_fannar
D:11:     layout_gridville, minmay_lair_entry_lava, serial_shops,
          nicolae_shop_competitors_out_of_business, shop, uniq_maurice,
          uniq_snorg
D:12:     layout_roguey, orc_0_dummy, minmay_stone_trees_medium
D:13:     layout_layer_cave, uniq_nessos, uniq_lodul
D:14:     layout_loops_ring, erik_vaults_2
D:15:     hangedman_depths_entry_civil_slaughter, layout_cave_pods, minivault_19
Lair:1:   layout_loops_ring, grunt_forest_large_clearing_hut, uniq_joseph,
          uniq_harold, uniq_gastronok
Lair:2:   layout_long_grid, nicolae_snake_entry_squirm, serial_bayou_shore_b,
          uniq_amaemon
Lair:3:   layout_gridlike, minmay_shoals_entry_hut, serial_bayou,
          serial_bayou_lagoon_a, serial_bayou_shore_a, serial_bayou_pond_e,
          serial_bayou_lake_a, serial_bayou_shore_b, serial_bayou_pond_a
Lair:4:   layout_loops_ring, lightli_volcano_entry_magma_tube,
          infiniplex_staircase_pool_2, grunt_megastairs_2
Lair:5:   due_jungle_book, layout_concentric_octagons, slime_entry_1,
          gammafunk_ghost_ooze
Shoals:1: nicolae_shoals_mermall, layout_shoals
Shoals:2: layout_shoals
Shoals:3: layout_shoals, nicolae_specific_store
Shoals:4: shoals_end_hangedman, layout_shoals, shoal_ilsuiw, uniq_aizul,
          uniq_mara
Snake:1:  gammafunk_sealed_arena, layout_honeycomb, lemuel_fruit_tree,
          minmay_shop_star, grunt_megastairs_3, serial_bayou_shore_b,
          uniq_josephine, uniq_azrael, uniq_nikola, uniq_roxanne
Snake:2:  layout_basic, serial_bayou_shore_b, serial_bayou_shore_b,
          uniq_mlioglotl
Snake:3:  layout_chambers, basic_altar
Snake:4:  grunt_snake_rune_pools, layout_cave_town, drop_trap,
          nicolae_snake_coiling_death, uniq_bai_suzhen
Orc:1:    layout_diamond_mine
Orc:2:    hellmonk_orc_salted, layout_diamond_mine,
          gammafunk_ghost_wrathful_warriors, guppyfry_orc_lava_fort

Skill      XL: |  1  2  3  4  5  6  7  8  9 10 11 12 13 14 15 16 17 18 |
---------------+-------------------------------------------------------+-----
Axes           | 4 6 8 9 11 13 16 18 20 21 22 23 24 25 | 25.1
Fighting       | 4 5 6 7 8 10 11 12 14 16 18 19 21 | 21.7
Armour         | 3 4 5 7 8 9 11 12 13 14 16 18 19 20 | 20.3
Dodging        | 3 4 5 |  5.4
Stealth        | 1 2 3 |  3.0
Shields        | 2 5 |  5.3
Evocations     | |  0.4

Action                     |  1- 3 |  4- 6 |  7- 9 | 10-12 | 13-15 | 16-18 || total
---------------------------+-------+-------+-------+-------+-------+-------++-------
  Melee: Hand axe          |    89 |    68 |   221 |       |       |       ||   378
         Headbutt          |    14 |    18 |    42 |    68 |   134 |   127 ||   403
         War axe           |       |       |    33 |       |       |       ||    33
         Battleaxe         |       |       |    28 |   364 |   717 |   560 ||  1669
 Invoke: Berserk           |       |     3 |     5 |     9 |     4 |     5 ||    26
         Brothers in Arms  |       |       |       |       |     1 |     6 ||     7
  Evoke: Wand              |       |       |       |       |     1 |       ||     1
    Use: Potion            |       |       |     6 |       |     5 |     5 ||    16
         Scroll            |       |       |    13 |    21 |     8 |     3 ||    45
   Stab: Distracted        |       |       |       |       |       |     1 ||     1
 Armour: Animal skin       |    11 |       |       |       |       |       ||    11
         Ring mail         |    24 |       |       |       |       |       ||    24
         Scale mail        |     5 |    41 |    53 |       |       |       ||    99
         Plate armour      |       |       |   120 |   305 |   383 |       ||   808
         Crystal plate arm |       |       |       |       |   298 |   911 ||  1209
  Dodge: Dodged            |    63 |    36 |   115 |   199 |   354 |   369 ||  1136
  Block: Kite shield       |       |       |    89 |       |       |       ||    89
